 Dungeon Crawl Stone Soup version 0.20.1-1-g8b1a95d (webtiles) character file.

109 Ymberti the Firebug (level 4, -2/24 HPs)
             Began as a Deep Elf Fire Elementalist on Sept 16, 2017.
             Killed from afar by Sigmund (5 damage)
             ... with a magic dart
             ... on level 2 of the Dungeon.
             The game lasted 00:07:29 (998 turns).

Ymberti the Firebug (Deep Elf Fire Elementalist)     Turns: 998, Time: 00:07:29

Health: -2/24      AC:  5    Str:  5    XL:     4   Next: 60%
Magic:  13/13      EV: 13    Int: 21    God:
Gold:   51         SH:  0    Dex: 15    Spells: 5/11 levels left

rFire    . . .     SeeInvis .   d - +1 dagger
rCold    . . .     Gourm    .   (no shield)
rNeg     . . .     Faith    .   h - +0 robe
rPois    .         Spirit   .   (no helmet)
rElec    .         Reflect  .   (no cloak)
rCorr    .         Harm     .   g - +0 pair of gloves
MR       .....                  (no boots)
Stlth    ++........             (no amulet)
Regen    0.1/turn               (no ring)
MPRegen  0.2/turn               (no ring)

@: no status effects
A: yellow scales 1, high mp 1, sturdy frame 1
a: no special abilities


You were on level 2 of the Dungeon.
You were not hungry.

You visited 1 branch of the dungeon, and saw 2 of its levels.

You collected 51 gold pieces.

Inventory:

Hand Weapons
 d - a +1 dagger (weapon)
Armour
 g - a +0 pair of gloves (worn)
 h - a +0 robe (worn)
Scrolls
 f - a scroll of recharging
Books
 b - a book of Flames

   Spells                             Type                      Level
   a - Flame Tongue                   Conjuration/Fire             1
   b - Throw Flame                    Conjuration/Fire             2
   c - Conjure Flame                  Conjuration/Fire             3
   d - Inner Flame                    Hexes/Fire                   3
   e - Sticky Flame                   Conjuration/Fire             4
   f - Fireball                       Conjuration/Fire             5
Comestibles
 c - a bread ration


   Skills:
 + Level 0.2 Fighting
 + Level 0.2 Short Blades
 + Level 2.8 Dodging
 + Level 3.3 Stealth
 + Level 4.0 Spellcasting
 + Level 2.1 Conjurations
 + Level 4.4 Fire Magic


You had 5 spell levels left.
You knew the following spells:

 Your Spells              Type           Power        Failure   Level  Hunger
a - Flame Tongue          Conj/Fire      ###..        3%          1    None
b - Throw Flame           Conj/Fire      ###...       4%          2    #......
c - Conjure Flame         Conj/Fire      ###.....     10%         3    ###....


Dungeon Overview and Level Annotations

Branches:
Dungeon (2/15)

Altars:
Fedhas
Makhleb
Vehumet

Annotations:
D:2 Sigmund


Innate Abilities, Weirdness & Mutations

You are partially covered in yellow scales. (AC +2)
You have an increased reservoir of magic. (+10% MP)
Your movements are slightly less encumbered by armour. (ER -2)


Message History

Sigmund hits you but does no damage. Sigmund hits you but does no damage.
Sigmund hits you but does no damage. Sigmund barely misses you.
Your transformation is almost over.
Sigmund hits you but does no damage.
Sigmund hits you from afar with a scythe.
* * * LOW HITPOINT WARNING * * *
Sigmund casts a spell at you. You resist with some effort.
Sigmund completely misses you. Sigmund hits you but does no damage.
Sigmund barely misses you.
You feel less wooden.
Your +0 pair of gloves unmelds from your body.
Your +0 robe unmelds from your body.
Sigmund barely misses you. Sigmund gestures at you while chanting.
The magic dart hits you!
You die...

#..........##########
#...................#
#.........#########.#
#...................#
#.........@.†.......#
>..............#.####
#..........###.#....#
#########.# #.####.#
#@# #.# #.# #.#
#.####.# #.# #......#
#=# ########
######### #.#
#.......# #.#
#.......#### #.#
........##.# #.#
........##.# #.#


You could see Sigmund.

Vanquished Creatures
  Natasha (thrice) (D:2)
  A worm (D:2)
  4 dart slugs (D:1)
  2 leopard geckos (D:2)
  A goblin (D:1)
  2 hobgoblins (D:2)
  3 kobolds
  2 quokkas (D:2)
  4 bats (D:1)
  A frilled lizard (D:1)
  6 rats
29 creatures vanquished.

Notes
Turn   | Place    | Note
-------+----------+-------------------------------------------
     0 | D:1      | Ymberti the Deep Elf Fire Elementalist began the quest for the Orb.
     0 | D:1      | Reached XP level 1. HP: 10/10 MP: 6/6
   147 | D:1      | Reached XP level 2. HP: 14/15 MP: 5/8
   174 | D:1      | Gained mutation: Your magical capacity is low. (-10% MP) [potion of mutation]
   174 | D:1      | Gained mutation: Your spells are a little harder to cast, but a little more powerful. [potion of mutation]
   174 | D:1      | Gained mutation: You are partially covered in rugged brown scales. (AC +1, +3% HP) [potion of mutation]
   174 | D:1      | Gained mutation: You are partially covered in yellow scales. (AC +2) [potion of mutation]
   427 | D:1      | Lost mutation: Your magical capacity is low. (-10% MP) [potion of mutation]
   427 | D:1      | Lost mutation: Your spells are a little harder to cast, but a little more powerful. [potion of mutation]
   427 | D:1      | Lost mutation: You are partially covered in rugged brown scales. (AC +1, +3% HP) [potion of mutation]
   427 | D:1      | Gained mutation: Your movements are slightly less encumbered by armour. (ER -2) [potion of mutation]
   427 | D:1      | Gained mutation: You have an increased reservoir of magic. (+10% MP) [potion of mutation]
   456 | D:2      | Found a burning altar of Makhleb.
   528 | D:2      | Noticed Natasha
   533 | D:2      | Killed Natasha
   533 | D:2      | Reached XP level 3. HP: 16/19 MP: 6/10
   537 | D:2      | Learned a level 2 spell: Throw Flame
   541 | D:2      | Learned a level 3 spell: Conjure Flame
   603 | D:2      | Noticed Natasha
   608 | D:2      | Killed Natasha
   608 | D:2      | Reached XP level 4. HP: 11/24 MP: 8/12
   703 | D:2      | Found a radiant altar of Vehumet.
   786 | D:2      | Found a blossoming altar of Fedhas.
   855 | D:2      | Noticed Natasha
   864 | D:2      | Killed Natasha
   902 | D:2      | Found a faded altar of an unknown god.
   943 | D:2      | Noticed Sigmund
   998 | D:2      | Killed from afar by Sigmund

Skill      XL: |  1  2  3  4 |
---------------+-------------+-----
Stealth        | 3 |  3.3
Fire Magic     | 4 |  4.4
Conjurations   | 2 |  2.1
Spellcasting   | 4 |  4.0
Fighting       | |  0.2
Short Blades   | |  0.2
Dodging        | |  2.8

Action                   |  1- 3 |  4- 6 || total
-------------------------+-------+-------++-------
Melee: Unarmed           |     2 |       ||     2
       Dagger            |    17 |     3 ||    20
 Cast: Flame Tongue      |    30 |    14 ||    44
       Throw Flame       |       |     6 ||     6
  Use: Scroll            |     1 |     4 ||     5
       Potion            |     2 |     1 ||     3
 Stab: Sleeping          |     3 |     2 ||     5
Armor: Robe              |    10 |     2 ||    12
       Skin              |       |    16 ||    16
Dodge: Dodged            |    17 |    10 ||    27
